 Dungeon Crawl Stone Soup version 0.30.1-11-g7821555f0a (webtiles) character file.

Game seed: 5766589015307654167

832 Dordric the Cleaver (level 7, -4/57 HPs)
             Began as a Hill Orc Monk on Oct 30, 2023.
             Was a Follower of Beogh.
             Slain by a wraith (8 damage)
             ... on level 6 of the Dungeon.
             The game lasted 00:05:24 (5451 turns).

Dordric the Cleaver (Hill Orc Monk)                 Turns: 5451, Time: 00:05:25

Health: -4/57      AC:  8    Str: 16    XL:     7   Next: 98%
Magic:  12/12      EV: 10    Int: 10    God:    Beogh [*.....]
Gold:   202        SH:  0    Dex: 13    Spells: 6/6 levels left

rFire   . . .        a - +0 hand axe
rCold   . . .        d - orb {light}
rNeg    . . .        s - +0 scale mail
rPois   .            j - +0 helmet
rElec   .            (no cloak)
rCorr   .            l - +0 pair of gloves
SInv    .            (no boots)
Will    .....        q - amulet of the acrobat Stlth
                     (no ring)
HPRegen 0.29/turn    (no ring)
MPRegen 0.13/turn

%: acrobat
@: slowed, glowing, very slow
A: no striking features
a: Renounce Religion


You were on level 6 of the Dungeon.
You worshipped Beogh.
Beogh was aware of your devotion.
You visited 1 branch of the dungeon, and saw 6 of its levels.

You collected 202 gold pieces.

Inventory:

Hand Weapons
 a - a +0 hand axe (weapon)
Armour
 d - an orb of light (worn)
 j - a +0 helmet (worn)
 l - a +0 pair of gloves (worn)
 m - a +0 ring mail
 s - a +0 scale mail (worn)
Jewellery
 q - an amulet of the acrobat (around neck)
 u - an amulet of magic regeneration
 z - a +6 ring of dexterity
Scrolls
 g - 3 scrolls of noise
 h - a scroll of identify
 k - 3 scrolls of teleportation
 n - 3 scrolls of blinking
 p - 2 scrolls of torment
 w - 5 scrolls of vulnerability
 x - a scroll of enchant armour {unknown}
 y - a scroll of fear {unknown}
Potions
 b - 3 potions of heal wounds {unknown}
 c - a potion of ambrosia
 e - a potion of mutation {unknown}
 f - 2 potions of curing {unknown}
 i - a potion of berserk rage {unknown}
 o - a potion of might {unknown}
 r - 2 potions of haste {unknown}
 t - a potion of attraction {unknown}
 v - a potion of resistance {unknown}


   Skills:
 - Level 3.6 Fighting
 + Level 9.1 Axes
 - Level 2.4 Dodging
 + Level 7.6 Invocations


You had 6 spell levels left.
You didn't know any spells.
Your spell library contained the following spells:

 Spells                   Type           Power      Damage    Failure   Level
 Sublimation of Blood     Necr           0%         N/A       91%         2
 Wereblood                Tmut           0%         N/A       91%         2
 Ozocubu's Armour         Ice            0%         N/A       99%         3
 Metabolic Englaciation   Hex/Ice        0%         N/A       100%        5
 Simulacrum               Ice/Necr       0%         N/A       100%        6
 Summon Hydra             Summ           0%         N/A       100%        7


Dungeon Overview and Level Annotations

Branches:
Dungeon (6/15)             Temple (0/1) D:5

Altars:
Kikubaaqudgha
Sif Muna

Shops:
D:1 [   D:3 =![![   D:4 *   D:5 ?

Annotations:
D:4 exclusion: downstairs
D:5 exclusion: upstairs


Message History

The wraith is heavily damaged.
The wraith hits you. The wraith drains your vigour!
You feel as though you will be slow longer.
You hit the wraith but do no damage.
The wraith is heavily damaged.
The wraith closely misses you.
You hit the wraith.
The wraith is heavily damaged.
The wraith hits you. The wraith drains your vigour!
You feel as though you will be slow longer.
You hit the wraith but do no damage.
The wraith is heavily damaged.
The wraith barely misses you. The wraith closely misses you.
You hit the wraith.
The wraith is severely damaged.
The wraith hits you but does no damage.
You barely miss the wraith.
The wraith is severely damaged.
The wraith hits you! The wraith drains your vigour!
You feel as though you will be slow longer.
You hit the wraith but do no damage.
The wraith is severely damaged.
The wraith hits you!
* * * LOW HITPOINT WARNING * * *
You hit the wraith.
The wraith is almost destroyed.
The wraith hits you!
* * * LOW HITPOINT WARNING * * *
The wraith drains your vigour!
You feel as though you will be slow longer.
You barely miss the wraith.
The wraith is almost destroyed.
The wraith misses you. The wraith completely misses you.
You completely miss the wraith.
The wraith is almost destroyed.
The wraith misses you.
You hit the wraith but do no damage.
The wraith is almost destroyed.
The wraith hits you!
You die...

. ..## #########
.....## ##........
#.....#####..#######
#..<.....#####
#..#.....@W..##
##...#######..######.
...................W..
.....############......
###.. ##./.$ #.. ...
#.. ##


You could see a wraith.

Vanquished Creatures
  A steam dragon (D:5)
  A water moccasin (D:5)
  An ice beast (D:5)
  A black bear (D:4)
  A phantom (D:5)
  A lemure (D:4)
  2 scorpions (D:5)
  A hound (D:5)
  A jelly (D:5)
  An iguana (D:5)
  An orc wizard (D:4)
  4 adders
  A shadow imp (D:6)
  3 dart slugs
  3 orcs
  2 endoplasms (D:1)
  7 giant cockroaches
  6 goblins
  7 hobgoblins
  4 jackals (D:1)
  5 quokkas
  4 ball pythons
  5 bats
  A frilled lizard (D:3)
  3 kobolds
  2 rats (D:3)
69 creatures vanquished.

Notes
Turn   | Place    | Note
-------+----------+-------------------------------------------
     0 | D:1      | Dordric the Hill Orc Monk began the quest for the Orb.
     0 | D:1      | Reached XP level 1. HP: 19/19 MP: 1/1
   219 | D:1      | Reached XP level 2. HP: 26/26 MP: 2/2
   319 | D:1      | Reached skill level 1 in Invocations
   361 | D:1      | Reached skill level 5 in Axes
   441 | D:1      | Found Ugoudiv's Antique Armour Emporium.
   441 | D:1      | You fall into a shaft and drop 1 floor!
   539 | D:1      | Reached XP level 3. HP: 31/31 MP: 4/4
  1433 | D:3      | Found a transporter.
  1437 | D:3      | Found Osamohez's Jewellery Boutique.
  1488 | D:3      | Found a transporter.
  1509 | D:3      | Found Boxieren's Distillery.
  1552 | D:3      | Found Yvegreto's Distillery.
  1719 | D:3      | Found Irilo's Antique Armour Shop.
  1887 | D:3      | Found Ygec's Armour Shoppe.
  2086 | D:3      | Reached XP level 4. HP: 39/39 MP: 5/5
  2377 | D:3      | Found an ancient bone altar of Kikubaaqudgha.
  2402 | D:3      | Found a shimmering blue altar of Sif Muna.
  2823 | D:4      | Found Acinin's Assorted Antiques.
  2825 | D:4      | Became a worshipper of Beogh the Brigand
  2825 | D:4      | Reached * piety under Beogh
  2825 | D:4      | Reached ** piety under Beogh
  2838 | D:4      | Reached skill level 6 in Axes
  2888 | D:4      | Noticed a lemure
  2929 | D:4      | Killed a lemure
  3256 | D:5      | Entered Level 5 of the Dungeon
  3258 | D:5      | Noticed a black bear
  3260 | D:5      | Noticed a scorpion
  3277 | D:4      | Killed a black bear
  3278 | D:4      | Reached XP level 5. HP: 30/45 MP: 6/8
  3345 | D:5      | Reached skill level 7 in Axes
  3345 | D:5      | Reached skill level 5 in Invocations
  3345 | D:5      | Reached XP level 6. HP: 14/51 MP: 9/9
  3479 | D:5      | Noticed a steam dragon
  3603 | D:5      | Killed a steam dragon
  3792 | D:5      | Found a staircase to the Ecumenical Temple.
  3817 | D:5      | Noticed an ice beast
  3827 | D:5      | Killed an ice beast
  3828 | D:5      | Reached skill level 8 in Axes
  3828 | D:5      | Reached XP level 7. HP: 23/57 MP: 11/11
  4471 | D:5      | Found The Oracle's Delphic Readings.
  5118 | D:5      | Reached skill level 9 in Axes
  5419 | D:6      | Noticed a wraith
  5451 | D:6      | Slain by a wraith

Illustrated notes

Levels and vault maps discovered:
D:1:      saegor_arrival_simple_a, layout_rooms, serial_shops, shop,
          minmay_tripent
D:2:      layout_basic, grunt_decor_one_mirror
D:3:      layout_loops_corners, mainiacjoe_overflow_two_lobes, serial_shops,
          nicolae_shop_drivethru, nicolae_square_shop,
          nicolae_shop_getting_attention, nicolae_shop_peninsula,
          nicolae_shop_industrial_runoff
D:4:      layout_loops_ring, serial_shops, nicolae_shop_tiny_real_fake_doors,
          uniq_pikel
D:5:      layout_loops_ring, minmay_temple_entry_sparse_star,
          minmay_misc_feat_cross, nicolae_nh_oracle_at_delphi
D:6:      layout_rooms, serial_shops, nicolae_inconvenience_store,
          kennysheep_generic_room_15

Skill      XL: |  1  2  3  4  5  6  7 |
---------------+----------------------+-----
Invocations    | 1 2 4 5 6 7 |  7.6
Axes           | 5 6 7 8 9 |  9.1
Fighting       | |  3.6
Dodging        | |  2.4

Action                     |  1- 3 |  4- 6 |  7- 9 || total
---------------------------+-------+-------+-------++-------
  Melee: Hand axe          |   103 |   122 |    98 ||   323
 Invoke: Smiting           |       |     1 |       ||     1
         Convert to Beogh  |       |     1 |       ||     1
    Use: Scroll            |       |       |     6 ||     6
 Armour: Robe              |     6 |       |       ||     6
         Ring mail         |    24 |       |       ||    24
         Scale mail        |     1 |    57 |    44 ||   102
  Dodge: Dodged            |    61 |    65 |    71 ||   197
